 Dungeon Crawl Stone Soup version 0.23.1 (webtiles) character file.

Game seed: 13188775542112080144

106 Kairos the Sneak (level 4, 0/23 HPs)
             Began as a Vine Stalker Assassin on Mar 8, 2019.
             Killed by divine providence
             ... invoked by an orc priest
              (10 damage)
             ... on level 3 of the Dungeon.
             The game lasted 00:01:46 (1383 turns).

Kairos the Sneak (Vine Stalker Assassin)            Turns: 1383, Time: 00:01:47

Health: 0/23       AC:  3    Str: 14    XL:     4   Next: 84%
Magic:  0/5        EV: 12    Int: 11    God:
Gold:   6          SH:  0    Dex: 16    Spells: 3/3 levels left

rFire    . . .     SeeInvis .   a - +2 dagger
rCold    . . .     Gourm    .   (no shield)
rNeg     . . .     Faith    .   c - +0 robe
rPois    .         Spirit   +   (no helmet)
rElec    .         Reflect  .   d - +0 cloak
rCorr    .         Harm     .   (no gloves)
MR       .....                  (no boots)
Stlth    +++.......             (no amulet)
HPRegen  0.47/turn              (no ring)
MPRegen  0.09/turn              (no ring)

@: no status effects
A: fangs 2, regeneration 1, magic shield, antimagic bite, no potion heal 3, rot
immunity
a: no special abilities


You were on level 3 of the Dungeon.
You were not hungry.

You visited 1 branch of the dungeon, and saw 3 of its levels.

You collected 6 gold pieces.

Inventory:

Hand Weapons
 a - a +2 dagger (weapon)
 b - a +0 blowgun
 i - a +0 dagger of holy wrath
Missiles
 e - 8 poisoned needles
 f - 2 curare-tipped needles
 n - 7 needles of confusion
Armour
 c - a +0 robe (worn)
 d - a +0 cloak (worn)
Wands
 o - a wand of iceblast (7)
Scrolls
 j - 3 scrolls of identify {unknown}
 k - a scroll of immolation {unknown}
 l - a scroll of remove curse {unknown}
 m - a scroll of enchant armour {unknown}
Potions
 h - a potion of might {unknown}
Comestibles
 g - 2 rations


   Skills:
 + Level 2.1 Fighting
 + Level 2.4 Short Blades
 + Level 1.9 Throwing
 + Level 1.2 Dodging
 * Level 6.6 Stealth


You had 3 spell levels left.
You didn't know any spells.
Your spell library was empty.

Dungeon Overview and Level Annotations

Branches:
Dungeon (3/15)

Altars:
Ashenzari


Innate Abilities, Weirdness & Mutations

You have extremely sharp teeth.
Your natural rate of healing is unusually fast.
When hurt, damage is shared between your health and your magic reserves.
Your bite disrupts and absorbs the magic of your enemies.
Potions cannot restore your health.
You are immune to rotting.


Message History

Beogh smites you!
You are too injured to fight recklessly!
You are too injured to fight recklessly!
You are too injured to fight recklessly!
Unknown command.
You see here a wand of iceblast (7).
o - a wand of iceblast (7)
The orc wizard miscasts a cantrip.
You hit the orc but do no damage.
Aiming: Iceblast
Press: ? - help, Shift-Dir - straight line, f - orc wizard
Aim: an orc wizard, wielding a +2 dagger of speed and wearing a +0 robe
Okay, then.
The orc wizard begins to cast a cantrip, but forgets the words!
The orc priest looks satisfied for a moment.
The orc wizard mumbles some strange words.
The orc wizard seems to speed up.
The orc priest calls down the wrath of Beogh upon you.
Beogh smites you!
You die...

#. #. #. # #. .###
#.### ../.#
###.##...########...[.#
..........@o..oooo....#
.#.###.#########.....#
#.###.# ....# # #..##.#
#### ####.#..##.#
...........#
######.#### #.# #####.#


You could see 2 orc priests, an orc wizard and 2 orcs.

Vanquished Creatures
  Jessica (D:2)
  A gnoll (D:1)
  3 adders (D:2)
  2 worms (D:2)
  A leopard gecko (D:1)
  5 bats
  3 giant cockroaches
  7 goblins
  5 hobgoblins (D:1)
  A ball python (D:1)
  2 frilled lizards
  3 kobolds
  5 rats
39 creatures vanquished.

Notes
Turn   | Place    | Note
-------+----------+-------------------------------------------
     0 | D:1      | Kairos the Vine Stalker Assassin began the quest for the
                  | Orb.
     0 | D:1      | Reached XP level 1. HP: 11/11 MP: 2/2
    32 | D:1      | Reached skill level 5 in Stealth
   185 | D:1      | Reached XP level 2. HP: 11/15 MP: 1/3
   478 | D:1      | Reached XP level 3. HP: 12/18 MP: 4/4
   704 | D:1      | Reached skill level 1 in Dodging
   889 | D:2      | Reached skill level 6 in Stealth
   951 | D:2      | Gained mutation: Your natural rate of healing is unusually
                  | fast. [Vine Stalker growth]
   951 | D:2      | Reached XP level 4. HP: 17/23 MP: 2/5
   994 | D:2      | Noticed Jessica
   997 | D:2      | Killed Jessica
  1310 | D:2      | Found a shattered altar of Ashenzari.
  1383 | D:3      | Killed from afar by an orc priest

Skill      XL: |  1  2  3 |
---------------+----------+-----
Stealth        | 5 6 |  6.6
Fighting       | 2 |  2.1
Short Blades   | 2 |  2.4
Dodging        | 1 |  1.2
Throwing       | |  1.9

Action                   |  1- 3 |  4- 6 || total
-------------------------+-------+-------++-------
Melee: Dagger            |    58 |    22 ||    80
       Bite              |    10 |     5 ||    15
 Stab: Sleeping          |    11 |     8 ||    19
  Eat: Chunk             |       |     1 ||     1
Armor: Robe              |     5 |     2 ||     7
Dodge: Dodged            |    23 |     4 ||    27
